Map: Bridgehead LE (Void)

Players

Javert - Winner!

  • Race: Zerg Zerg
  • League: Grandmaster

VOD

Have the link to the VOD?

Description

Time

  • Played on: July 14, 2015, 3:09 p.m.
  • Length: 13:42
Show
View Real Time Build Order
Export as new Build Order

Javert Zerg - Winner!

Build Orders: 3 Hatch before Pool 

Get SALT Encoding   

  12  0:08  Drone, Extractor  
  12  0:13  Drone  
  12  0:29  Drone, Overlord  
  12  1:18  Drone  
  12  1:19  Drone x2  
  12  1:31  Hatchery  
  12  1:41  Hatchery  
  12  1:49  Drone x2  
  12  2:20  Drone x3  
  12  2:29  Spawning Pool  
  12  2:54  Drone x3  
  12  2:57  Drone x2  
  12  2:59  Drone  
  12  3:07  Burrow  
  12  3:09  Drone  
  12  3:12  Drone  
  12  3:15  Drone  
  12  3:20  Lair  
  12  4:15  Queen  
  12  4:18  Drone  
  12  4:19  Drone x2  
  12  4:22  Overlord x3  
  12  4:28  Extractor  
  12  4:31  Extractor  
  12  4:38  Extractor  
  12  4:39  Drone x2  
  12  4:40  Drone  
  12  4:44  Extractor  
  12  4:48  Extractor  
  12  4:49  Drone x2  
  12  5:00  Queen  
  12  5:04  Drone x3  
  12  5:17  Spire  
  12  5:30  Drone  
  12  5:31  Drone x5  
  12  5:32  Drone  
  12  5:37  Queen  
  12  5:44  Drone x3  
  12  5:47  Drone x2  
  12  5:48  Drone  
  12  6:22  Overlord x3  
  12  6:59  Mutalisk x15  
  12  7:04  Overlord x3  
  12  7:07  Overlord  
  12  7:08  Overlord x3  
  12  7:55  Extractor  
  12  11:33  Mutalisk x9  
  12  11:34  Mutalisk x18  
Tags
 
Add a new tag
Caveats
  • Supply blocks, unpowered buildings, or Contaminate may cause inaccurate times.
  • Supply counts are checked every 10 seconds.